 Dungeon Crawl Stone Soup version 0.19.0-19-g8c6edcc (webtiles) character file.

516 cedor the Fiendish (level 7, -10/78 HPs)
             Began as a Demonspawn Monk on Nov 13, 2016.
             Was a Priest of Makhleb.
             Blown up by Joseph (11 damage)
             ... with a wand of disintegration
             ... on level 8 of the Dungeon.
             The game lasted 00:11:28 (2940 turns).

cedor the Fiendish (Demonspawn Monk)                Turns: 2940, Time: 00:11:29

Health: -10/78     AC: 23    Str: 16    XL:     7   Next: 0%
Magic:  0/20       EV:  2    Int: 13    God:    Makhleb [***...]
Gold:   192        SH:  0    Dex: 16    Spells: 0 memorised, 6 levels left

rFire  . . .     SeeInvis .     v - +3 quarterstaff (chaos)
rCold  . . .     Gourm    .     (armour currently unavailable)
rNeg   + + +     Faith    .     (shield currently unavailable)
rPois  +         Spirit   +     (helmet currently unavailable)
rElec  .         Reflect  .     (cloak currently unavailable)
rCorr  .         Harm     .     (gloves currently unavailable)
MR     .....     NoTele   +     (boots currently unavailable)
Stlth  ++........               s - amulet of regeneration
                                z - ring of magical power
                                (no ring)

@: mighty, tree-form
A: (hooves 0), (molten scales 0), (spiny 0), magic shield
a: Minor Destruction, Lesser Servant of Makhleb, Renounce Religion


You were on level 8 of the Dungeon.
You worshipped Makhleb.
Makhleb was most pleased with you.
You were hungry.
You were a tree.
You visited 1 branch of the dungeon, and saw 8 of its levels.

You collected 192 gold pieces.


Innate Abilities, Weirdness & Mutations

((You have large cloven feet.))
((You are partially covered in molten scales. (AC +2)))
((You are partially covered in sharp spines.))
When hurt, damage is shared between your health and your magic reserves.


   Skills:
 - Level 3.0 Fighting
 - Level 4.8(5.1) Polearms
 + Level 2.4(3.9) Staves
 * Level 3.3 Dodging
 - Level 1.7 Stealth
 + Level 5.7 Invocations


You had 6 spell levels left.
You didn't know any spells.

Inventory:

Hand Weapons
 a - a +0 spear
 b - a +0 hunting sling
 v - a +3 quarterstaff of chaos (weapon)
Missiles
 t - 26 sling bullets
Armour
 d - a +0 cloak
 e - a +1 cloak (melded)
 f - a +0 leather armour (melded)
 j - a +0 robe
 w - a +0 pair of gloves (melded)
Jewellery
 s - an amulet of regeneration (around neck)
 z - a ring of magical power (right branch)
Scrolls
 k - 2 scrolls of remove curse {unknown}
 l - 3 scrolls of teleportation {unknown}
 o - a scroll of enchant armour {unknown}
 q - a scroll of recharging {unknown}
 r - a scroll of magic mapping {unknown}
 y - 3 scrolls of identify {unknown}
Potions
 h - a potion of ambrosia {unknown}
 i - 2 potions of flight
 m - a potion of invisibility {unknown}
 p - 4 potions of lignification {!q}
 x - a potion of curing {unknown}
Comestibles
 c - a bread ration
 g - 2 meat rations
 u - a royal jelly

Dungeon Overview and Level Annotations

Branches:
Dungeon (8/15)
 Temple: D:4-7         Lair: D:8-11

Altars:
Ashenzari
Elyvilon
Makhleb
Nemelex Xobeh
Okawaru
Qazlal
Ru
Sif Muna
Xom
Yredelemnul
The Shining One

Shops:
D:6 ?

Annotations:
D:7 Pikel
D:8 Joseph

▒..£..▒<.......
▒......(.......▒..
▒.....▒(.......▒(▒
▒.....▒..........
▒.... ▒........▒
▒▒▒▒▒ ▒..@.....▒
▒..(.4...▒
▒(..†....▒
▒.(.♣....▒
▒▒▒▒▒▒▒▒▒▒


You could see Joseph and a friendly orange demon.


Message History

Your orange demon stings Joseph from afar.
Joseph looks as sick as possible!
Your orange demon poisons Joseph!
Joseph zaps a wand.
You struggle to resist.
It was a potion of lignification.
You turn into a tree.
Your roots penetrate the ground.
Your orange demon stings Joseph from afar!
Joseph shoots a sling bullet.
The sling bullet hits you but does no damage.
You aren't carrying any items that you can evoke without wielding.
Unknown command.
Throwing (i - inventory):
n - a javelin (quivered)
Press: ? - help, Shift-Dir - straight line, f/p - Joseph
Aim: Joseph, wielding a hunting sling, wearing a ring mail and carrying a wand of disintegration {zapped: 2} (moderately wounded, poisoned)
You throw a javelin.
The javelin hits Joseph but does no damage.
Joseph is moderately wounded.
Your orange demon completely misses Joseph.
Joseph shoots a sling bullet.
The sling bullet hits you!
* * * LOW HITPOINT WARNING * * *
Firing (i - inventory): No suitable missiles.
Press: ? - help, Shift-Dir - straight line, f/p - Joseph
Aim: Joseph, wielding a hunting sling, wearing a ring mail and carrying a wand of disintegration {zapped: 2} (moderately wounded, poisoned)
Okay, then.
Okay, then.
It was a potion of might.
You feel very mighty all of a sudden.
Your orange demon closely misses Joseph.
Joseph zaps a wand.
You are blasted!
You die...

Action                   |  1- 3 |  4- 6 |  7- 9 || total
-------------------------+-------+-------+-------++-------
Melee: Spear             |   118 |    42 |       ||   160
       Kick              |       |    19 |       ||    19
       Quarterstaff      |       |    69 |       ||    69
Throw: Javelin           |       |     1 |     2 ||     3
Invok: Minor Destruction |       |     2 |       ||     2
       Lesser Servant of |       |     1 |       ||     1
  Use: Potion            |       |       |     3 ||     3
 Stab: Sleeping          |     5 |     2 |       ||     7
       Distracted        |       |     1 |       ||     1
  Eat: Chunk             |       |     6 |       ||     6
Armor: Robe              |    12 |       |       ||    12
       Leather armour    |       |    23 |     1 ||    24
       Skin              |       |       |     1 ||     1
Dodge: Dodged            |    39 |    56 |       ||    95

Vault maps used:
D:1:      lightli_arrival_statue_moat
D:2:      lightli_temple_of_fire, first_bread
D:3:      grunt_temple_overflow_holy_war, overflow_temple_1_default,
          nemelex_altar_shiori, marbit_many_paths, grunt_ministairs_8,
          saegor_snake_ambush, uniq_crazy_yiuf_cottage
D:4:      lemuel_upstairs_altar, nicolae_overflow_crystal_walls
D:5:      overflow_temple_1_default
D:6:      nicolae_dithmenos_through_a_glass_darkly, lemuel_round_altar,
          nicolae_overflow_hidden_temple, serial_shops, shop,
          hangedman_abyss_or_decor_passed, dk_vineyard_2, st_stairs_6
D:7:      serial_shops, shop_fountains, nicolae_shop_overgrown_old_shop,
          uniq_pikel
D:8:      overflow_temple_1_default, uniq_joseph

Notes
Turn   | Place    | Note
-------+----------+-------------------------------------------
     0 | D:1      | cedor the Demonspawn Monk began the quest for the Orb.
     0 | D:1      | Reached XP level 1. HP: 18/18 MP: 1/1
    37 | D:1      | Reached skill level 3 in Polearms
    65 | D:1      | Gained mutation: You are partially covered in sharp spines. [demonic ancestry]
    65 | D:1      | Reached XP level 2. HP: 15/24 MP: 2/2
   214 | D:2      | Found a burning altar of Makhleb.
   219 | D:2      | Became a worshipper of Makhleb the Destroyer
   219 | D:2      | Reached * piety under Makhleb
   219 | D:2      | Reached ** piety under Makhleb
   591 | D:2      | Reached XP level 3. HP: 29/29 MP: 3/3
   710 | D:2      | Reached skill level 4 in Polearms
   866 | D:3      | Found a sparkling altar of Nemelex Xobeh.
   908 | D:4      | Noticed MirrMurr's ghost (amateur SpEn)
   923 | D:3      | Found a sacrificial altar of Ru.
   954 | D:3      | Gained mutation: You have large cloven feet. [demonic ancestry]
   954 | D:3      | Reached XP level 4. HP: 3/35 MP: 4/4
  1281 | D:3      | Found a basalt altar of Yredelemnul.
  1286 | D:3      | Found a glowing golden altar of the Shining One.
  1385 | D:3      | Reached skill level 1 in Invocations
  1543 | D:3      | Found a runed door.
  1597 | D:3      | Noticed Crazy Yiuf
  1625 | D:3      | Killed Crazy Yiuf
  1625 | D:3      | Reached skill level 2 in Invocations
  1806 | D:3      | Gained mutation: When hurt, damage is shared between your health and your magic reserves. [demonic ancestry]
  1806 | D:3      | Reached XP level 5. HP: 31/41 MP: 6/6
  1974 | D:3      | Found a deep blue altar of Sif Muna.
  2073 | D:4      | Reached *** piety under Makhleb
  2096 | D:4      | Found a shimmering altar of Xom.
  2101 | D:4      | Reached skill level 3 in Invocations
  2193 | D:4      | Killed MirrMurr's ghost
  2193 | D:4      | Reached skill level 1 in Staves
  2193 | D:4      | Reached skill level 4 in Invocations
  2193 | D:4      | Reached XP level 6. HP: 47/47 MP: 7/9
  2468 | D:5      | Entered Level 5 of the Dungeon
  2487 | D:5      | Found a stormy altar of Qazlal.
  2500 | D:5      | Reached skill level 2 in Staves
  2500 | D:5      | Reached skill level 5 in Invocations
  2681 | D:6      | Found Equs's Magic Scroll Shop.
  2717 | D:6      | Reached skill level 3 in Dodging
  2739 | D:6      | Found an iron altar of Okawaru.
  2803 | D:6      | Found a white marble altar of Elyvilon.
  2890 | D:7      | Noticed a slave
  2891 | D:7      | Noticed a slave
  2891 | D:7      | Noticed a slave
  2892 | D:7      | Noticed Pikel
  2920 | D:8      | Found a shattered altar of Ashenzari.
  2920 | D:8      | Noticed Joseph
  2934 | D:8      | Gained mutation: You are partially covered in molten scales. (AC +2) [demonic ancestry]
  2934 | D:8      | Reached XP level 7. HP: 25/52 MP: 11/11
  2936 | D:8      | HP: 5/52 [Joseph/sling bullet (7)]
  2939 | D:8      | HP: 1/78 [Joseph/sling bullet (10)]
  2940 | D:8      | Blown up by Joseph

Vanquished Creatures
  The ghost of MirrMurr the Sneak, an amateur SpEn (D:4)
  A crimson imp (D:5)
  A bullfrog zombie (D:6)
  An orc priest (D:3)
  Crazy Yiuf (D:3)
  A bullfrog skeleton (D:6)
  4 worker ants
  5 adders
  4 worms
  2 dart slugs
  5 leopard geckos
  7 orcs
  3 ball pythons
  6 bats
  6 hobgoblins
  4 jackals (D:6)
  5 kobolds
  4 quokkas
  4 frilled lizards
  5 goblins
  2 jackal skeletons
  4 rats
76 creatures vanquished.

Vanquished Creatures (collateral kills)
  A scorpion (D:8)
1 creature vanquished.

Grand Total: 77 creatures vanquished
